 Dungeon Crawl Stone Soup version 0.31-a0-234-gad7ace16ef (webtiles) character file.

Game seed: 4386105168585357927

128 qw the Shooter (level 4, -2/36 HPs)
             Began as a Minotaur Hexslinger on July 9, 2023.
             Slain by an orc priest
             ... wielding a +0 trident
              (7 damage)
             ... on level 4 of the Dungeon.
             The game lasted 00:00:55 (2512 turns).

qw the Shooter (Minotaur Hexslinger)                Turns: 2512, Time: 00:00:55

Health: -2/36      AC:  5    Str: 11 (12) XL:     4   Next: 87%
Magic:  4/4        EV: 10    Int:  7 (10) God:
Gold:   130        SH:  0    Dex: 12 (15) Spells: 4/5 levels left

rFire   . . .        Y - +5 sling
rCold   . . .        (no shield)
rNeg    . . .        a - +0 ring mail
rPois   .            (helmet restricted)
rElec   .            (no cloak)
rCorr   .            (no gloves)
SInv    .            (no boots)
Will    .....        (no amulet)
Stlth   +            (no ring)
HPRegen 0.26/turn    (no ring)
MPRegen 0.09/turn

%: no passive effects
@: no status effects
A: horns 2, retaliatory headbutt
a: no special abilities


You were on level 4 of the Dungeon.
You visited 1 branch of the dungeon, and saw 4 of its levels.

You collected 130 gold pieces.


Innate Abilities, Weirdness & Mutations

You have a pair of horns on your head.
You reflexively headbutt those who attack you in melee.


   Skills:
 - Level 2.0 Fighting
 + Level 4.9 Ranged Weapons
 - Level 2.1 Armour
 - Level 2.1 Dodging
 - Level 1.0 Spellcasting
 - Level 2.0 Hexes


You had 4 spell levels left.
You knew the following spells:

 Your Spells              Type           Power      Damage    Failure   Level
a - Slow                  Hex            12%        N/A       41%         1

Your spell library contained the following spells:

 Spells                   Type           Power      Damage    Failure   Level
 Inner Flame              Hex/Fire       1%         N/A       89%         3
 Portal Projectile        Hex/Tloc       2%         N/A       89%         3
 Cause Fear               Hex            1%         N/A       99%         4

Inventory:

Hand Weapons
 Y - a +5 sling (weapon)
Armour
 a - a +0 ring mail (worn)
 b - a +1 hat
Scrolls
 f - 3 scrolls of identify
 g - a scroll of enchant armour {unknown}
Potions
 c - 2 potions of haste {unknown}
 d - a potion of resistance
 e - 2 potions of curing
 h - a potion of mutation

Dungeon Overview and Level Annotations

Branches:
Dungeon (4/15)
 Temple: D:4-7

Altars:


Message History

The orc priest is moderately wounded.
An orc comes into view. It is wielding a +0 club.
You shoot a sling bullet.
The sling bullet closely misses the orc.
The orc shouts!
You shoot a sling bullet. The sling bullet hits the orc!
You kill the orc!
You shoot a sling bullet. The sling bullet hits the orc.
The orc is heavily wounded.
The orc hits you with a +0 hand axe.
The orc priest hits you from afar with a +0 trident.
You shoot a sling bullet. The sling bullet barely misses the orc.
The orc misses you.
The orc priest looks encouraged for a moment.
The orc hits you but does no damage.
You shoot a sling bullet. The sling bullet hits the orc.
The orc is almost dead.
The orc barely misses you.
You shoot a sling bullet.
The sling bullet closely misses the orc.
The sling bullet hits the orc priest.
The orc priest is heavily wounded.
The orc hits you but does no damage.
The orc priest calls upon Beogh to heal the orc.
The orc is healed somewhat.
You shoot a sling bullet. The sling bullet hits the orc!
You kill the orc!
The orc hits you but does no damage.
The orc priest hits you from afar with a +0 trident.
The orc barely misses you.
The orc priest mumbles some strange prayers to Beogh against you.
Beogh smites you!
You shoot a sling bullet. The sling bullet hits the orc.
The orc is lightly wounded.
The orc priest calls down the wrath of Beogh upon you.
Beogh smites you! The orc hits you but does no damage.
You shoot a sling bullet. The sling bullet barely misses the orc.
The orc hits you with a +0 club.
The orc priest hits you from afar with a +0 trident!
You die...

#....#.###.####.#
...7..#....#.# #.#
#.# 77.7...#....#.#
#.# #.#
#......#....#.# #.#
#.#
.......#....#.###..
...
#......#...........
..#
#......#.#.....##.
###
.......#.#.....#
......o@.#.....#
......)#########
.....o) .......
....... .......
.7..... ......


You could see an orc priest and an orc.

Vanquished Creatures
  Ijyb (D:3)
  3 adders
  2 orcs (D:4)
  8 endoplasms
  2 giant cockroaches
  6 goblins
  6 hobgoblins
  8 jackals
  2 quokkas
  6 ball pythons
  6 bats
  7 frilled lizards
  5 kobolds
  9 rats
71 creatures vanquished.

Notes
Turn   | Place    | Note
-------+----------+-------------------------------------------
     0 | D:1      | qw the Minotaur Hexslinger began the quest for the Orb.
     0 | D:1      | Reached XP level 1. HP: 16/16 MP: 1/1
     0 | D:1      | 0 ||| qw: Version: 0.3-a-51-g015441d
     0 | D:1      | 0 ||| qw: Game counter: 4301
     0 | D:1      | 0 ||| qw: Melee chars always use a shield: true
     0 | D:1      | 0 ||| qw: God list: Okawaru
     0 | D:1      | 0 ||| qw: Allow faded altars: false
     0 | D:1      | 0 ||| qw: Do Orc after clearing Dungeon:15 true
     0 | D:1      | 0 ||| qw: Do second Lair branch before Depths: true
     0 | D:1      | 0 ||| qw: Lair rune preference: random
     0 | D:1      | 0 ||| qw: Goals: Normal
     0 | D:1      | 0 ||| PLANNING D:1-11
   143 | D:1      | Reached skill level 3 in Ranged Weapons
   146 | D:1      | Reached XP level 2. HP: 23/23 MP: 2/2
   373 | D:1      | Reached XP level 3. HP: 28/29 MP: 3/3
   591 | D:1      | 591 ||| DROPPING scarf of harm.
   592 | D:1      | 592 ||| READING scroll labelled SOIPSAHUSCH.
   595 | D:1      | 595 ||| READING 2 scrolls labelled FOJIFF DEETERR.
   596 | D:1      | 596 ||| READING scroll labelled TUFEIT ZAMNOE.
   597 | D:1      | 597 ||| READING 3 scrolls labelled VAAL DESKIRPHO.
   598 | D:1      | 598 ||| READING 2 scrolls of enchant weapon.
   598 | D:1      | 598 ||| ENCHANTING +2 sling.
   599 | D:1      | 599 ||| READING scroll of enchant weapon.
   599 | D:1      | 599 ||| ENCHANTING +3 sling.
   600 | D:1      | 600 ||| READING scroll labelled DOMMUOFOHA.
   601 | D:1      | 601 ||| READING scroll labelled FYJIBB IWEZORGH.
   602 | D:1      | 602 ||| DROPPING scroll of poison.
   688 | D:2      | Found a faded altar of an unknown god.
  1244 | D:2      | Reached skill level 4 in Ranged Weapons
  1578 | D:2      | 1578 ||| UPGRADING to +0 ring mail.
  1588 | D:2      | 1588 ||| DROPPING +0 robe.
  1589 | D:2      | 1589 ||| READING scroll labelled UME DUATIO.
  1590 | D:2      | 1590 ||| READING scroll labelled WIJ UPPEECELOSEHI.
  1591 | D:2      | 1591 ||| DRINKING 2 bubbling blue potions.
  1592 | D:2      | 1592 ||| READING 2 scrolls of identify.
  1592 | D:2      | 1592 ||| IDENTIFYING metallic silvery potion
  1689 | D:3      | Noticed Ijyb
  1697 | D:3      | Killed Ijyb
  1698 | D:3      | Reached XP level 4. HP: 24/36 MP: 4/4
  2069 | D:3      | 2069 ||| READING scroll of enchant weapon.
  2069 | D:3      | 2069 ||| ENCHANTING +4 sling.
  2175 | D:3      | 2175 ||| DROPPING ring of wizardry.
  2176 | D:3      | 2176 ||| DRINKING 3 dark potions.
  2177 | D:3      | 2177 ||| READING 4 scrolls of identify.
  2177 | D:3      | 2177 ||| IDENTIFYING amethyst potion
  2178 | D:3      | 2178 ||| READING 3 scrolls of identify.
  2178 | D:3      | 2178 ||| IDENTIFYING orange potion
  2179 | D:3      | 2179 ||| DROPPING 2 potions of degeneration.
  2180 | D:3      | 2180 ||| DROPPING potion of lignification.
  2511 | D:4      | HP: 8/36 [orc priest/divine providence (10)]
  2512 | D:4      | Slain by an orc priest

Levels and vault maps discovered:
D:1:      tarquinn_simple_flora_water_a, layout_basic,
          chequers_hall_statues_corner_a, minmay_pentomino_t4
D:2:      layout_basic, basic_ecumenical_altar, serial_bayou_pond_e,
          skrybe_limestone_x, grunt_decor_arrowhead, minivault_5
D:3:      layout_rooms, uniq_ijyb
D:4:      layout_basic, serial_forest, infiniplex_forest_lined_3,
          infiniplex_forest_end_2, infiniplex_forest_clump_long,
          infiniplex_forest_end_double, infiniplex_forest_clump_C,
          infiniplex_forest_straight_2

Skill      XL: |  1  2  3 |
---------------+----------+-----
Ranged Weapons | 3 4 |  4.9
Fighting       | 2 |  2.0
Armour         | 2 |  2.1
Dodging        | |  2.1
Spellcasting   | |  1.0
Hexes          | |  2.0

Action                     |  1- 3 |  4- 6 || total
---------------------------+-------+-------++-------
   Fire: Sling             |   101 |    71 ||   172
    Use: Scroll            |    11 |     3 ||    14
         Potion            |     1 |     1 ||     2
 Armour: Robe              |     1 |       ||     1
         Ring mail         |     1 |    13 ||    14
  Dodge: Dodged            |    20 |    13 ||    33

Table legend:
 A = Non-vault XP
 B = Vault XP
 C = Vault XP percentage of total XP
 D = Non-vault monster count
 E = Vault monster count
 F = Vault count percentage of total count
                 A         B        C        D         E       F
            +---------+---------+-------+---------+---------+-------
      Total |     145 |      39 |  21.2 |      68 |       3 |   4.2
            +---------+---------+-------+---------+---------+-------
        D:1 |      40 |       3 |   7.0 |      25 |       2 |   7.4
        D:2 |      34 |       0 |   0.0 |      16 |       0 |   0.0
        D:3 |      41 |      36 |  46.8 |      18 |       1 |   5.3
        D:4 |      30 |       0 |   0.0 |       9 |       0 |   0.0
            +---------+---------+-------+---------+---------+-------
